 Dungeon Crawl Stone Soup version 0.28.0-53-g5a82cb258f (webtiles) character file.

Game seed: 12795286919092235746

413 MiltankisOP the Skirmisher (level 6, -2/56 HPs)
             Began as a Draconian Earth Elementalist on June 24, 2022.
             Slain by a gnoll
             ... wielding a +0 club
              (7 damage)
             ... on level 4 of the Dungeon.
             The game lasted 00:06:14 (4586 turns).

MiltankisOP the Skirmisher (DrEE)                   Turns: 4586, Time: 00:06:15

Health: -2/56      AC:  6    Str: 11    XL:     6   Next: 59%
Magic:  6/9        EV: 12    Int: 17    God:
Gold:   106        SH:  0    Dex: 11    Spells: 8/9 levels left

rFire   . . .      SeeInvis .     - Unarmed
rCold   . . .      Faith    .   (no shield)
rNeg    . . .      Spirit   .   (armour unavailable)
rPois   .          Reflect  .   (helmet restricted)
rElec   .          Harm     .   (no cloak)
rCorr   .          Rampage  .   (no gloves)
Will    .....                   (no boots)
Stlth   ++........              (no amulet)
HPRegen 0.18/turn               (no ring)
MPRegen 0.11/turn               (no ring)

@: no status effects
A: AC +6, unfitting armour, cold-blooded
a: no special abilities


You were on level 4 of the Dungeon.
You visited 1 branch of the dungeon, and saw 4 of its levels.
You also visited: Sewer.

You collected 106 gold pieces.

Inventory:

Missiles
 b - 141 stones
Jewellery
 c - an amulet of the acrobat
 k - a ring of flight
Scrolls
 a - a scroll of torment {unknown}
 d - a scroll of identify {unknown}
 e - a scroll of noise {unknown}
 g - a scroll of fog {unknown}
 h - a scroll of teleportation {unknown}
 i - 3 scrolls of blinking {unknown}
 o - a scroll of enchant armour {unknown}
Potions
 f - a potion of haste {unknown}
 j - a potion of mutation {unknown}
 l - a potion of resistance {unknown}
 m - 2 potions of flight
 n - 4 potions of curing
 p - a potion of lignification {unknown}
 q - a potion of might {unknown}


   Skills:
 + Level 5.1 Fighting
 - Level 1.7 Dodging
 - Level 1.7 Stealth
 + Level 4.6 Unarmed Combat
 - Level 2.0 Spellcasting
 - Level 1.0 Transmutations
 - Level 3.0 Earth Magic


You had 8 spell levels left.
You knew the following spells:

 Your Spells              Type           Power      Damage    Failure   Level
a - Sandblast             Erth           22%        2d7       5%          1

Your spell library contained the following spells:

 Spells                   Type           Power      Damage    Failure   Level
 Passwall                 Tmut/Erth      6%         N/A       13%         2
 Corpse Rot               Necr/Air       2%         N/A       28%         2
 Stone Arrow              Conj/Erth      12%        3d7       30%         3
 Petrify                  Tmut/Erth      8%         N/A       63%         4
 Dispel Undead            Necr           1%         3d6       88%         4
 Death Channel            Necr           0%         N/A       100%        6


Dungeon Overview and Level Annotations

Branches:
Dungeon (4/15)              Sewer (visited)
 Temple: D:4-7

Altars:
Trog
The Shining One


Innate Abilities, Weirdness & Mutations

Your plain brown scales are hard. (AC +6)
You cannot fit into any form of body armour.
You are cold-blooded and may be slowed by cold attacks.


Message History

The gnoll shaman calls upon its god to speed up the gnoll.
The gnoll seems to speed up.
Your magical contamination has completely faded away.
The gnoll shaman calls upon its god to speed up the gnoll.
The gnoll seems to speed up.
The gnoll throws a throwing net.
The throwing net hits you.
You become entangled in the net!
You see here a throwing net.
You struggle against the net.
You struggle against the net.
You struggle against the net.
You rip the net and break free!
The gnoll hits you with a +0 club.
The gnoll hits you from afar with a +0 spear.
The gnoll shaman hits you with a +0 whip.
The gnoll hits you with a +0 club. The gnoll closely misses you.
The gnoll closely misses you. The gnoll hits you but does no damage.
The gnoll hits you but does no damage.
The gnoll shaman calls upon its god to speed up the gnoll.
The gnoll seems to speed up.
The gnoll misses you. The gnoll hits you with a +0 club.
The gnoll hits you but does no damage. The gnoll hits you with a +0 club.
The gnoll barely misses you. The gnoll hits you but does no damage.
Found 18 sling bullets.
The gnoll is no longer moving quickly.
The gnoll hits you from afar with a +0 spear.
The gnoll closely misses you. The gnoll misses you.
The gnoll hits you with a +0 club. The gnoll misses you.
The gnoll hits you with a +0 club.
The gnoll hits you from afar with a +0 spear!
* * * LOW HITPOINT WARNING * * *
The gnoll hits you with a +0 club!
* * * LOW HITPOINT WARNING * * *
The gnoll barely misses you. The gnoll misses you. The gnoll barely misses you.
The gnoll hits you but does no damage. The gnoll hits you with a +0 club!
You die...

.........#'#####.........'.......
.####'##>......###########.......
.#.....#.........................
.#.....#........<................
.#.....#.........................
.###...#.........................
####+##########..................
...#......#...#.....######.......
...#......#...#.@...# #.......
...#......#...#.g...# #.......
..>#......#...#gg...# #.......
...'......'...#.....# ......
####.....##...#.....##### ......
.# ########...##g........ ......
.# #....#g........ .#
#....#...(..... .#
#....#.........


You could see a gnoll shaman, 3 gnolls and a goblin.

Vanquished Creatures
  A kobold brigand (Sewer)
  A howler monkey (D:4)
  An orc priest (D:3)
  An orc wizard (D:4)
  Robin (D:2)
  5 adders
  6 gnolls
  2 river rats (Sewer)
  An adder skeleton (D:4)
  2 worms
  2 dart slugs (D:1)
  4 orcs
  7 ball pythons
  An endoplasm (D:2)
  4 giant cockroaches
  19 goblins
  7 hobgoblins
  6 jackals
  13 quokkas
  5 bats
  2 frilled lizards
  8 kobolds
  8 rats
107 creatures vanquished.

Notes
Turn   | Place    | Note
-------+----------+-------------------------------------------
     0 | D:1      | MiltankisOP the Draconian Earth Elementalist began the
                  | quest for the Orb.
     0 | D:1      | Reached XP level 1. HP: 14/14 MP: 3/3
   182 | D:1      | Found a faded altar of an unknown god.
   208 | D:1      | Reached skill level 1 in Fighting
   208 | D:1      | Reached skill level 1 in Unarmed Combat
   208 | D:1      | Reached XP level 2. HP: 22/23 MP: 5/5
  1116 | D:2      | Reached skill level 2 in Fighting
  1116 | D:2      | Reached XP level 3. HP: 29/29 MP: 1/6
  1645 | D:2      | Noticed Robin
  1649 | D:2      | Reached XP level 4. HP: 35/37 MP: 3/7
  1686 | D:2      | Killed Robin
  1687 | D:2      | Reached skill level 3 in Fighting
  2586 | D:3      | Reached XP level 5. HP: 45/45 MP: 3/8
  2682 | D:3      | Found a glowing drain.
  2716 | Sewer    | Entered a sewer
  3105 | Sewer    | Reached skill level 4 in Fighting
  3297 | Sewer    | Found a white marble altar of Elyvilon.
  3416 | D:3      | Found a glowing golden altar of the Shining One.
  3718 | D:3      | Reached XP level 6. HP: 53/53 MP: 9/9
  4154 | D:4      | Reached skill level 5 in Fighting
  4465 | D:4      | Found a bloodstained altar of Trog.
  4586 | D:4      | Slain by a gnoll

Illustrated notes

Levels and vault maps discovered:
D:1:      minmay_arrival_loop, layout_rooms,
          hellmonk_ecumenical_altar_arch_garden, minmay_crystal_room
D:2:      layout_loops_ring, uniq_robin
D:3:      layout_rooms, nicolae_tso_carved_into_rock, gup_sewer_entry_pipe,
          minivault_24, kennysheep_generic_room_7
D:4:      layout_gridville, trog_hazing_becter

Skill      XL: |  1  2  3  4  5  6 |
---------------+-------------------+-----
Fighting       | 1 2 3 4 5 |  5.1
Unarmed Combat | 1 2 3 4 |  4.6
Dodging        | |  1.7
Stealth        | |  1.7
Spellcasting   | |  2.0
Transmutations | |  1.0
Earth Magic    | |  3.0

Action                   |  1- 3 |  4- 6 || total
-------------------------+-------+-------++-------
Melee: Unarmed           |   102 |   184 ||   286
       Tailslap          |    12 |    26 ||    38
       Punch             |     1 |     1 ||     2
 Cast: Sandblast         |    22 |    54 ||    76
 Stab: Sleeping          |     7 |     1 ||     8
Armor: Skin              |    23 |    68 ||    91
Dodge: Dodged            |    62 |   160 ||   222
